 Dungeon Crawl Stone Soup version 0.20.1-1-g8b1a95d (webtiles) character file.

46 Gremour the Slasher (level 3, -3/29 HPs)
             Began as a Demonspawn Berserker on Oct 12, 2017.
             Was a Follower of Trog.
             Slain by a gnoll
             ... wielding a +0 halberd
              (11 damage)
             ... on level 2 of the Dungeon.
             The game lasted 00:05:17 (1017 turns).

Gremour the Slasher (Demonspawn Berserker)          Turns: 1017, Time: 00:05:18

Health: -3/29      AC:  2    Str: 17    XL:     3   Next: 44%
Magic:  3/3        EV: 12    Int:  8    God:    Trog [*.....]
Gold:   70         SH:  0    Dex: 15    Spells: 2/2 levels left

rFire    . . .     SeeInvis .   a - +0 falchion
rCold    . . .     Gourm    .   (no shield)
rNeg     . . .     Faith    .   b - +0 animal skin
rPois    .         Spirit   .   (no helmet)
rElec    .         Reflect  .   (no cloak)
rCorr    .         Harm     .   (no gloves)
MR       .....                  (no boots)
Stlth    ++........             (no amulet)
Regen    0.1/turn               (no ring)
MPRegen  0.1/turn               (no ring)

@: berserk cooldown, slowed, very slow
A: hooves 1, thin skeletal structure 1
a: Berserk, Burn Spellbooks, Renounce Religion


You were on level 2 of the Dungeon.
You worshipped Trog.
Trog was aware of your devotion.
You were very hungry.

You visited 1 branch of the dungeon, and saw 2 of its levels.

You collected 70 gold pieces.

Inventory:

Hand Weapons
 a - a +0 falchion (weapon)
Armour
 b - a +0 animal skin (worn)
 j - a +0 cloak
Jewellery
 i - an uncursed ring of ice {unknown}
Scrolls
 d - a scroll of fog {unknown}
 e - a scroll of remove curse {unknown}
 f - a scroll of teleportation {unknown}
 g - a scroll of identify {unknown}
Comestibles
 c - a bread ration
 h - a meat ration


   Skills:
 - Level 3.0 Fighting
 * Level 4.1 Long Blades
 - Level 1.7 Armour
 - Level 1.7 Dodging


You had 2 spell levels left.
You didn't know any spells.

Dungeon Overview and Level Annotations

Branches:
Dungeon (2/15)

Altars:
Yredelemnul


Innate Abilities, Weirdness & Mutations

You have large cloven feet.
You have a somewhat thin skeletal structure. (Dex +2, Stealth)


Message History

Your base attributes are Str 17, Int 8, Dex 14.
Increase (S)trength, (I)ntelligence, or (D)exterity?
You feel agile.
Your demonic ancestry asserts itself...
Your feet thicken and deform.
The gnoll hits you from afar with a spear.
You feel a strong urge to attack something.
Items here: )) †† a whip; a club; a gnoll corpse; a hobgoblin corpse You barely miss the gnoll.
Your kick misses the gnoll. The gnoll hits you with a spear.
* * * LOW HITPOINT WARNING * * *
You closely miss the gnoll. You kick the gnoll!
You kill the gnoll!
Trog accepts your kill.
Your Long Blades skill increases to level 4!
You are no longer berserk.
You are exhausted.
You feel yourself slow down.
The gnoll hits you from afar with a halberd!
You die...

######### #.......#
### #.......# ..##
#.P.P...######...###
#.._....##..........
#.P.P...............
#........).#.#
####....#..#)###
#.........@.#
#...........#
######.#....g.g.g..
##..##....#.....
#..###..........
#.## #.<........ #.#
#(.##...### #.# #..#
##... #.# #... ...


You could see a gnoll.

Vanquished Creatures
  2 gnolls (D:2)
  2 worms (D:2)
  2 dart slugs (D:1)
  A leopard gecko (D:2)
  A giant cockroach (D:2)
  3 hobgoblins
  4 kobolds (D:1)
  A frilled lizard (D:1)
  3 rats
19 creatures vanquished.

Notes
Turn   | Place    | Note
-------+----------+-------------------------------------------
     0 | D:1      | Gremour the Demonspawn Berserker began the quest for the Orb.
     0 | D:1      | Reached XP level 1. HP: 18/18 MP: 1/1
    32 | D:1      | Reached skill level 3 in Long Blades
   240 | D:1      | Gained mutation: You have a somewhat thin skeletal structure. (Dex +2, Stealth) [demonic ancestry]
   240 | D:1      | Reached XP level 2. HP: 12/24 MP: 2/2
   979 | D:2      | Found a basalt altar of Yredelemnul.
  1012 | D:2      | Gained mutation: You have large cloven feet. [demonic ancestry]
  1012 | D:2      | Reached XP level 3. HP: 23/29 MP: 3/3
  1016 | D:2      | Reached skill level 4 in Long Blades
  1017 | D:2      | Slain by a gnoll

Skill      XL: |  1  2  3 |
---------------+----------+-----
Long Blades    | 3 4 |  4.1
Fighting       | |  3.0
Armour         | |  1.7
Dodging        | |  1.7

Action                   || total
-------------------------++-------
Melee: Falchion          ||    54
       Kick              ||     1
Invok: Berserk           ||     3
 Stab: Sleeping          ||     3
  Eat: Chunk             ||     2
Armor: Animal skin       ||     8
Dodge: Dodged            ||    32
       Rpst.: Falchion   ||    11
